[Event "WYCC 2018 G16"]
[Site "Halkidiki"]
[Date "2018.10.26"]
[Round "7"]
[White "Kobald, Jacqueline"]
[Black "Simkunaite, Gabija"]
[Result "1/2-1/2"]
[ECO "B19"]
[WhiteElo "1911"]
[BlackElo "1650"]
[Annotator "NA"]
[PlyCount "78"]
[EventDate "2018.10.20"]
[EventType "swiss"]
[EventCountry "GRE"]
[SourceTitle "playchess.com"]
[Source "ChessBase"]
[SourceQuality "1"]
[TimeControl "40/5400+30:1800+30"]

1. e4 c6 2. d4 d5 3. Nc3 dxe4 4. Nxe4 Bf5 5. Ng3 Bg6 6. h4 h6 7. Nf3 Nd7 8. h5 Bh7 9. Bd3 Bxd3 10. Qxd3 e6 11. Bd2 Ngf6 12. O-O-O Qc7 13. Ne4 Nxe4 14. Qxe4 Nf6 15. Qe2 Bd6 16. Ne5 O-O-O 17. f4 Kb8 18. Kb1 Rhf8 19. g4 c5 20. dxc5 Bxe5 21. fxe5 Nd7 22. c6 Qxc6 23. Ba5 Nb6 24. Bb4 Rfe8 25. Rhf1 Qc4 26. Qxc4 Nxc4 27. b3 a5 28. bxc4 Rxd1+ 29. Rxd1 axb4 30. Rd7 Rf8 31. Kb2 g6 32. Kb3 gxh5 33. gxh5 f5 34. exf6 Rxf6 35. Re7 Rf5 36. Rxe6 Rxh5 37. Re7 Rh2 38. Rh7 h5 39. Kxb4 Rxc2 1/2-1/2

[Event "WYCC 2018 G16"]
[Site "Halkidiki"]
[Date "2018.10.26"]
[Round "7"]
[White "Nemcova, Karin"]
[Black "Nestorovic, Katarina"]
[Result "1/2-1/2"]
[ECO "B81"]
[WhiteElo "1888"]
[BlackElo "2015"]
[Annotator "NA"]
[PlyCount "83"]
[EventDate "2018.10.20"]
[EventType "swiss"]
[EventCountry "GRE"]
[SourceTitle "playchess.com"]
[Source "ChessBase"]
[SourceQuality "1"]
[TimeControl "40/5400+30:1800+30"]

1. e4 c5 2. Nf3 e6 3. d4 cxd4 4. Nxd4 Nf6 $11 {[%emt 0:00:00] LiveBook: 12487 Games} 5. Nc3 d6 6. g4 Nc6 7. g5 Nd7 8. h4 a6 9. Be3 Qc7 10. h5 b5 11. a3 Bb7 12. Qg4 Nde5 13. Qg2 Nxd4 14. Bxd4 Nc4 15. Bxc4 Qxc4 16. O-O-O e5 17. Bb6 Be7 18. Rh3 a5 19. b3 Qc6 20. Nd5 Rc8 21. Rc3 Qd7 22. Rxc8+ Qxc8 23. Bxa5 Bxd5 24. Rxd5 Qa6 25. Bb4 O-O 26. g6 h6 27. Kb2 Qb6 28. f3 Kh8 29. gxf7 Rxf7 30. Qg6 Rxf3 31. Qe8+ Bf8 32. Bxd6 Qf2 33. Bxf8 Rxf8 34. Qxe5 Rc8 35. Ka2 Qxc2+ 36. Qb2 Qxe4 37. Rd2 Qf5 38. Rg2 Rg8 39. Qe2 Qc5 40. Qg4 Qc6 41. Qg6 Qd7 42. Qg4 1/2-1/2

[Event "WYCC 2018 G16"]
[Site "Halkidiki"]
[Date "2018.10.26"]
[Round "7"]
[White "Moerwald, Magdalena"]
[Black "Ortega Beltran, Ximena"]
[Result "1/2-1/2"]
[ECO "B35"]
[WhiteElo "1875"]
[BlackElo "1628"]
[Annotator "NA"]
[PlyCount "70"]
[EventDate "2018.10.20"]
[EventType "swiss"]
[EventCountry "GRE"]
[SourceTitle "playchess.com"]
[Source "ChessBase"]
[SourceQuality "1"]
[TimeControl "40/5400+30:1800+30"]

1. e4 c5 2. Nf3 g6 3. d4 cxd4 4. Nxd4 Bg7 5. Nc3 Nc6 6. Be3 Nf6 7. Bc4 O-O 8. Bb3 d6 9. f3 Bd7 10. Qd2 Na5 11. h4 Nxb3 12. Nxb3 h5 13. O-O-O b5 14. g4 hxg4 15. h5 Nxh5 16. Bh6 e5 17. Bxg7 Kxg7 18. fxg4 Bxg4 19. Rdg1 Bf3 20. Rh3 b4 21. Nd5 Bxe4 22. Rxh5 Bxd5 23. Qxd5 Qb6 24. Rhh1 a5 25. Nd2 Rac8 26. Kb1 Rh8 27. Nc4 Qf2 28. Rc1 Rc5 29. Qxd6 Rxh1 30. Rxh1 Qg2 31. Rd1 Rxc4 32. Qxe5+ Kh7 33. Rc1 a4 34. Qe8 Kg7 35. Qxa4 Qc6 1/2-1/2

[Event "WYCC 2018 G16"]
[Site "Halkidiki"]
[Date "2018.10.26"]
[Round "7"]
[White "Nayberg, Simona"]
[Black "Cotun, Mihaela"]
[Result "1-0"]
[ECO "B22"]
[WhiteElo "1857"]
[BlackElo "1482"]
[Annotator "NA"]
[PlyCount "61"]
[EventDate "2018.10.20"]
[EventType "swiss"]
[EventCountry "GRE"]
[SourceTitle "playchess.com"]
[Source "ChessBase"]
[SourceQuality "1"]
[TimeControl "40/5400+30:1800+30"]

1. e4 c5 2. c3 d6 3. d4 Nf6 4. Bd3 e5 5. Ne2 Nc6 6. d5 Ne7 7. O-O g6 8. f4 exf4 9. Bxf4 Bg7 10. Qd2 O-O 11. Na3 Ng4 12. Nc4 Ne5 13. Nxe5 dxe5 14. Bg5 Qd6 15. Bc4 f6 16. Bh4 Bd7 17. a4 a5 18. Nc1 Nc8 19. Qe2 Nb6 20. Bb5 c4 21. Bf2 Bxb5 22. axb5 Rfc8 23. b3 cxb3 24. Nxb3 a4 25. Nc1 Rxc3 26. Na2 Rc7 27. Rac1 Rac8 28. Rxc7 Rxc7 29. Qe3 Nd7 30. Qa7 Qa3 31. Qa8+ 1-0

[Event "WYCC 2018 G16"]
[Site "Halkidiki"]
[Date "2018.10.26"]
[Round "7"]
[White "Nguyen, Vu Thu Hien"]
[Black "Ros Alonso, Joana"]
[Result "1/2-1/2"]
[ECO "A46"]
[WhiteElo "1841"]
[BlackElo "1952"]
[Annotator "NA"]
[PlyCount "88"]
[EventDate "2018.10.20"]
[EventType "swiss"]
[EventCountry "GRE"]
[SourceTitle "playchess.com"]
[Source "ChessBase"]
[SourceQuality "1"]
[TimeControl "40/5400+30:1800+30"]

1. d4 Nf6 2. Nf3 b5 3. g3 Bb7 4. Bg2 e6 5. O-O c5 6. c3 Be7 7. Bf4 O-O 8. Nbd2 Na6 9. Re1 d5 10. Ne5 b4 11. dxc5 Bxc5 12. cxb4 Nxb4 13. a3 Nc6 14. Nxc6 Bxc6 15. b4 Bxf2+ 16. Kxf2 Ng4+ 17. Kg1 e5 18. e3 f5 19. h3 exf4 20. hxg4 fxg3 21. Nf1 f4 22. exf4 Qb6+ 23. Kh1 Rf6 24. Re5 Qf2 25. Qf3 Rxf4 26. Qxf2 gxf2 27. Rc1 Re8 28. Rxe8+ Bxe8 29. Bxd5+ Kf8 30. Rc4 Rf6 31. Kg2 Bd7 32. Bf3 Bb5 33. Rc3 Bd7 34. Rc2 h5 35. gxh5 Bh3+ 36. Kxh3 Rxf3+ 37. Kg4 Rxa3 38. Rxf2+ Kg8 39. Rb2 Ra6 40. Kg5 Rb6 41. Ne3 Rb5+ 42. Kg4 a5 43. Nc2 Kh7 44. Rb3 Kh6 1/2-1/2

[Event "WYCC 2018 G16"]
[Site "Halkidiki"]
[Date "2018.10.26"]
[Round "7"]
[White "Kalyva, Kyriaki"]
[Black "Bania, Eleni"]
[Result "1-0"]
[ECO "A80"]
[WhiteElo "1779"]
[BlackElo "1454"]
[Annotator "NA"]
[PlyCount "61"]
[EventDate "2018.10.20"]
[EventType "swiss"]
[EventCountry "GRE"]
[SourceTitle "playchess.com"]
[Source "ChessBase"]
[SourceQuality "1"]
[TimeControl "40/5400+30:1800+30"]

1. d4 f5 2. Nc3 Nf6 3. Bg5 d5 4. f3 e6 5. e3 Be7 6. Bd3 O-O 7. Nge2 c6 8. Qd2 Nbd7 9. O-O Qe8 10. e4 Nb6 11. Ng3 fxe4 12. fxe4 Qd8 13. e5 Nfd7 14. Bxe7 Qxe7 15. Rxf8+ Qxf8 16. Rf1 Qe7 17. Qf4 a6 18. Qg4 c5 19. Nh5 cxd4 20. Nf6+ Nxf6 21. exf6 Qf7 22. fxg7 Qxg7 23. Bxh7+ Kxh7 24. Qh5+ Kg8 25. Qe8+ Kh7 26. Rf4 Kh6 27. Rh4+ Kg5 28. Qd8+ Qf6 29. Rg4+ Kxg4 30. Qxf6 dxc3 31. h3+ 1-0

[Event "WYCC 2018 G16"]
[Site "Halkidiki"]
[Date "2018.10.26"]
[Round "7"]
[White "Staravoitava, Hanna"]
[Black "Sankova, Stella"]
[Result "1-0"]
[ECO "B90"]
[WhiteElo "1768"]
[BlackElo "2051"]
[Annotator "NA"]
[PlyCount "83"]
[EventDate "2018.10.20"]
[EventType "swiss"]
[EventCountry "GRE"]
[SourceTitle "playchess.com"]
[Source "ChessBase"]
[SourceQuality "1"]
[TimeControl "40/5400+30:1800+30"]

1. e4 c5 2. Nf3 d6 3. d4 cxd4 4. Nxd4 Nf6 5. Nc3 $14 {[%emt 0:00:01] LiveBook: 99691 Games} a6 6. Be3 e5 7. Nb3 Be6 8. Be2 Nbd7 9. f4 exf4 10. Bxf4 Ne5 11. Qd4 Qc7 12. Nd5 Bxd5 13. exd5 Be7 14. c4 O-O 15. O-O Nfd7 16. Rac1 Bf6 17. Qf2 Ng6 18. Bg3 Bxb2 19. c5 Be5 20. c6 Nf6 21. Bxe5 Nxe5 22. Nd4 Nxd5 23. Nf5 bxc6 24. Qg3 g6 25. Bc4 Kh8 26. Bxd5 Qb6+ 27. Kh1 cxd5 28. Ne3 d4 29. Nd5 Qd8 30. Qf4 d3 31. Qh6 f5 32. Nc7 Qd7 33. Nxa8 Rxa8 34. Rc3 Qg7 35. Qd2 h6 36. Rfc1 Ra7 37. Rc8+ Kh7 38. Qa5 g5 39. R8c7 Rxc7 40. Rxc7 Nf7 41. Qxf5+ Kh8 42. Rc8+ 1-0

[Event "WYCC 2018 G16"]
[Site "Halkidiki"]
[Date "2018.10.26"]
[Round "7"]
[White "Hovhannisyan, Mane"]
[Black "Pecorini, Angie"]
[Result "1-0"]
[ECO "A48"]
[WhiteElo "1730"]
[BlackElo "1847"]
[Annotator "NA"]
[PlyCount "57"]
[EventDate "2018.10.20"]
[EventType "swiss"]
[EventCountry "GRE"]
[SourceTitle "playchess.com"]
[Source "ChessBase"]
[SourceQuality "1"]
[TimeControl "40/5400+30:1800+30"]

1. d4 Nf6 2. Nf3 g6 3. Bf4 Bg7 4. e3 c5 5. c3 b6 6. Be2 Bb7 7. O-O O-O 8. Nbd2 d6 9. h3 Nbd7 10. a4 a6 11. Qb3 Qc7 12. Qa3 Bc6 13. b4 cxb4 14. cxb4 Qb7 15. Nc4 Ne4 16. Rac1 g5 17. Bh2 h5 18. Rfd1 g4 19. hxg4 hxg4 20. Ne1 f5 21. Nb2 b5 22. Rc2 Nb6 23. Rdc1 Rfc8 24. a5 Nd7 25. Qb3+ Kh8 26. Qe6 g3 27. fxg3 Bd5 28. Qxf5 Bh6 29. Nd1 1-0

[Event "WYCC 2018 G16"]
[Site "Halkidiki"]
[Date "2018.10.26"]
[Round "7"]
[White "Sanabria Taskila, Jenny Maria"]
[Black "Miroshnik, Ekaterina"]
[Result "1-0"]
[ECO "C05"]
[WhiteElo "1728"]
[BlackElo "2023"]
[Annotator "NA"]
[PlyCount "95"]
[EventDate "2018.10.20"]
[EventType "swiss"]
[EventCountry "GRE"]
[SourceTitle "playchess.com"]
[Source "ChessBase"]
[SourceQuality "1"]
[TimeControl "40/5400+30:1800+30"]

1. e4 e6 2. d4 d5 3. Nd2 Nf6 4. e5 Nfd7 5. f4 c5 6. c3 Nc6 7. Ndf3 Be7 8. a3 a5 9. b3 cxd4 10. cxd4 Nb6 11. Bd3 Bd7 12. Ne2 Na7 13. Nc3 Rc8 14. Bd2 O-O 15. h4 g6 16. Ng5 a4 17. Qg4 h5 18. Qd1 Kg7 19. g4 Rh8 20. f5 exf5 21. gxf5 f6 22. e6 fxg5 23. exd7 Rc6 24. Qf3 g4 25. Qf2 Rf8 26. O-O-O gxf5 27. Rde1 Qxd7 28. Re5 Qc7 29. Kb2 axb3 30. Nxd5 Nxd5 31. Rxd5 Ra6 32. Rxf5 Bxa3+ 33. Kb1 Be7 34. Rxf8 Bxf8 35. Qf5 Kg8 36. Bxa6 bxa6 37. Rf1 Bg7 38. Qd5+ Kh8 39. Qxh5+ Kg8 40. Qd5+ Kh8 41. Qxb3 Nb5 42. Rf5 Na3+ 43. Qxa3 Qb6+ 44. Kc1 Qc6+ 45. Rc5 Qh1+ 46. Kc2 Qe4+ 47. Qd3 Qe8 48. Qxa6 1-0

[Event "WYCC 2018 G16"]
[Site "Halkidiki"]
[Date "2018.10.26"]
[Round "7"]
[White "Plaza Reino, Mercedes"]
[Black "Esadze, Tamari"]
[Result "1-0"]
[ECO "E14"]
[WhiteElo "1727"]
[BlackElo "1911"]
[Annotator "NA"]
[PlyCount "91"]
[EventDate "2018.10.20"]
[EventType "swiss"]
[EventCountry "GRE"]
[SourceTitle "playchess.com"]
[Source "ChessBase"]
[SourceQuality "1"]
[TimeControl "40/5400+30:1800+30"]

1. d4 Nf6 2. c4 e6 3. Nf3 b6 4. e3 Bb7 5. Be2 Bb4+ 6. Nbd2 O-O 7. a3 Bxd2+ 8. Qxd2 Ne4 9. Qc2 d6 10. O-O f5 11. b4 Nd7 12. d5 e5 13. Nd2 Nxd2 14. Bxd2 Qh4 15. f3 f4 16. Bd3 fxe3 17. Bxe3 Nf6 18. Qf2 Qh5 19. Qg3 Qf7 20. Bg5 Nh5 21. Qh4 h6 22. Bd2 g5 23. Qe1 Nf4 24. Be4 Rae8 25. g3 Nh3+ 26. Kg2 Bc8 27. Qb1 Kg7 28. Qc2 Qh5 29. Be3 g4 30. c5 Ba6 31. cxd6 Bxf1+ 32. Rxf1 Ng5 33. Bxg5 Qh3+ 34. Kg1 hxg5 35. dxc7 gxf3 36. Rxf3 Rxf3 37. Bxf3 e4 38. Bxe4 Qg4 39. d6 Qe6 40. Qd3 Qe5 41. d7 Qa1+ 42. Kg2 Rxe4 43. c8=Q Rd4 44. Qxd4+ Qxd4 45. d8=Q Qb2+ 46. Kh3 1-0

[Event "WYCC 2018 G16"]
[Site "Halkidiki"]
[Date "2018.10.26"]
[Round "7"]
[White "Akti, Ezgi"]
[Black "Cramling Bellon, Anna"]
[Result "0-1"]
[ECO "B40"]
[WhiteElo "1643"]
[BlackElo "2025"]
[Annotator "NA"]
[PlyCount "122"]
[EventDate "2018.10.20"]
[EventType "swiss"]
[EventCountry "GRE"]
[SourceTitle "playchess.com"]
[Source "ChessBase"]
[SourceQuality "1"]
[TimeControl "40/5400+30:1800+30"]

1. e4 c5 2. Nf3 e6 3. c3 Nf6 4. e5 Nd5 5. d4 cxd4 6. cxd4 d6 7. Bc4 Be7 8. O-O Nc6 9. a3 O-O 10. Qe2 Bd7 11. Rd1 Na5 12. Bxd5 exd5 13. Nc3 Nb3 14. Ra2 Nxc1 15. Rxc1 Rc8 16. Raa1 Be6 17. Qb5 dxe5 18. Nxe5 Bg5 19. Rd1 Rc7 20. Qf1 f6 21. Nd3 Bg4 22. f3 Be3+ 23. Kh1 Bf5 24. Nb4 Rd7 25. Qe2 Re8 26. Re1 Bg6 27. Qd1 a5 28. Nbxd5 Rxd5 29. Nxd5 Qxd5 30. Qa4 Bh5 31. Rad1 b5 32. Qc2 f5 33. Rd3 f4 34. Qd1 a4 35. b3 Bg6 36. Rc3 Qxd4 37. Qxd4 Bxd4 38. Rxe8+ Bxe8 39. Rd3 Bb2 40. bxa4 bxa4 41. g3 Bg6 42. Rd2 Bc1 43. Rd4 Be8 44. Rd3 Kf7 45. gxf4 Bxf4 46. Rc3 g5 47. Kg2 Bd7 48. Rc4 Bd6 49. Rd4 Ke7 50. Rd3 Be6 51. Re3 Kf6 52. Rd3 Be7 53. f4 gxf4 54. Rd4 Bb3 55. Rxf4+ Ke5 56. Rg4 Bxa3 57. Rh4 Bd5+ 58. Kf2 Be4 59. Ke3 Bc1+ 60. Ke2 a3 61. Rh5+ Bf5 0-1

[Event "WYCC 2018 G16"]
[Site "Halkidiki"]
[Date "2018.10.26"]
[Round "7"]
[White "De Freitas, Isabella Ribeiro Co"]
[Black "Palma, Maria"]
[Result "0-1"]
[ECO "A34"]
[WhiteElo "1605"]
[BlackElo "2106"]
[Annotator "NA"]
[PlyCount "120"]
[EventDate "2018.10.20"]
[EventType "swiss"]
[EventCountry "GRE"]
[SourceTitle "playchess.com"]
[Source "ChessBase"]
[SourceQuality "1"]
[TimeControl "40/5400+30:1800+30"]

1. c4 Nf6 2. Nf3 c5 3. Nc3 d5 4. cxd5 Nxd5 5. g3 Nc6 6. Bg2 g6 7. O-O Bg7 8. Qb3 Nb6 9. d3 O-O 10. Be3 Nd4 11. Qd1 e5 12. Rc1 Qe7 13. Ne4 Bg4 14. Nxc5 Bxf3 15. exf3 Rfd8 16. Re1 Rac8 17. Ne4 Rxc1 18. Qxc1 Rc8 19. Qd1 Qb4 20. b3 Nd5 21. Bxd4 Qxd4 22. Qd2 Nb4 23. Rc1 Nc6 24. Qc3 Qxc3 25. Rxc3 Rd8 26. Rc4 Rxd3 27. Nc5 Rd1+ 28. Bf1 b5 29. Re4 Nd4 30. Kg2 Ra1 31. f4 f5 32. Re3 e4 33. a4 bxa4 34. bxa4 Bf8 35. Nb3 Rxa4 36. Nxd4 Rxd4 37. Rb3 Bb4 38. Ba6 Kf8 39. Re3 Rd6 40. Bc4 a5 41. Bb5 Rd4 42. f3 Bd2 43. Ra3 e3 44. Kf1 Ke7 45. Ke2 Kd6 46. h3 Kc5 47. Ba4 Kb4 48. Ra2 Bc1 49. Bd1 Rd2+ 50. Rxd2 exd2 51. Kd3 a4 52. Bxa4 Kxa4 53. Kc2 Kb4 54. g4 Kc4 55. h4 Kd4 56. h5 Ke3 57. Kd1 Kxf4 58. hxg6 hxg6 59. gxf5 gxf5 60. Ke2 Kg3 0-1

[Event "WYCC 2018 G16"]
[Site "Halkidiki"]
[Date "2018.10.26"]
[Round "7"]
[White "Michielsen, Lies"]
[Black "Xing, Ashley"]
[Result "0-1"]
[ECO "E11"]
[WhiteElo "1398"]
[BlackElo "1889"]
[Annotator "NA"]
[PlyCount "76"]
[EventDate "2018.10.20"]
[EventType "swiss"]
[EventCountry "GRE"]
[SourceTitle "playchess.com"]
[Source "ChessBase"]
[SourceQuality "1"]
[TimeControl "40/5400+30:1800+30"]

1. d4 Nf6 2. Nf3 e6 3. c4 Bb4+ 4. Bd2 a5 5. Nc3 Qe7 6. e3 O-O 7. Bd3 d6 8. a3 Bxc3 9. Bxc3 a4 10. O-O Nbd7 11. Bc2 Nb6 12. Qd3 Rd8 13. Rfd1 Bd7 14. Ng5 g6 15. e4 e5 16. f4 Bg4 17. Rf1 Nh5 18. g3 h6 19. Nf3 exf4 20. gxf4 Nxf4 21. Qe3 g5 22. Bd3 Re8 23. Rae1 Bh3 24. Rf2 Qe6 25. Kh1 Nxc4 26. Bxc4 Qxc4 27. Rg1 Ne2 28. Rxe2 Bf5 29. e5 dxe5 30. Nd2 Qc6+ 31. Rgg2 Bg4 32. Qe4 Bxe2 33. Qxc6 bxc6 34. Rxe2 exd4 35. Rxe8+ Rxe8 36. Bxd4 Re1+ 37. Bg1 Re2 38. Nc4 Rc2 0-1

[Event "WYCC 2018 G16"]
[Site "Halkidiki"]
[Date "2018.10.26"]
[Round "7"]
[White "Sild, Marta Pauliine"]
[Black "Tejasvi M"]
[Result "0-1"]
[ECO "C24"]
[WhiteElo "1394"]
[BlackElo "1869"]
[Annotator "NA"]
[PlyCount "82"]
[EventDate "2018.10.20"]
[EventType "swiss"]
[EventCountry "GRE"]
[SourceTitle "playchess.com"]
[Source "ChessBase"]
[SourceQuality "1"]
[TimeControl "40/5400+30:1800+30"]

1. e4 e5 2. Bc4 Nf6 3. d3 c6 4. Nf3 d5 5. Bb3 Bb4+ 6. Bd2 Bxd2+ 7. Nbxd2 a5 8. a4 Nbd7 9. O-O O-O 10. Re1 Re8 11. h3 Qc7 12. c3 Nf8 13. Nf1 dxe4 14. dxe4 Ng6 15. Ng3 h6 16. Qc2 Nf4 17. Rad1 g6 18. Ne2 N6h5 19. Nxf4 Nxf4 20. Qd2 Qb6 21. Ba2 Be6 22. Bxe6 Rxe6 23. Kh2 Rae8 24. Rf1 Kg7 25. Qc2 Nh5 26. Rd3 Nf6 27. Nd2 Qc7 28. Rg3 Rd8 29. Nb3 Red6 30. Re1 b5 31. axb5 cxb5 32. Re2 a4 33. Nc1 Nh5 34. Rd3 Nf4 35. Rxd6 Qxd6 36. Re3 Qd2 37. Qxd2 Rxd2 38. Kg3 Rxb2 39. Nd3 Nxd3 40. Rxd3 a3 41. Rd7 Rb3 0-1

[Event "WYCC 2018 G16"]
[Site "Halkidiki"]
[Date "2018.10.27"]
[Round "8"]
[White "Maltsevskaya, Aleksandra"]
[Black "Urh, Zala"]
[Result "1-0"]
[ECO "A22"]
[WhiteElo "2290"]
[BlackElo "2066"]
[Annotator "NA"]
[PlyCount "157"]
[EventDate "2018.10.20"]
[EventType "swiss"]
[EventCountry "GRE"]
[SourceTitle "playchess.com"]
[Source "ChessBase"]
[SourceQuality "1"]
[TimeControl "40/5400+30:1800+30"]

1. c4 e5 2. Nc3 Nf6 3. g3 d5 4. cxd5 Nxd5 5. Bg2 Nb6 6. Nf3 Nc6 7. O-O Be7 8. a3 O-O 9. b4 Re8 10. d3 a5 11. b5 Nd4 12. Nd2 c6 13. bxc6 Nxc6 14. Rb1 Be6 15. Nde4 Rb8 16. Be3 Nd4 17. Nb5 f5 18. Nec3 Bc5 19. Bd2 Qd7 20. e3 Nc6 21. Qc2 Red8 22. Ne4 fxe4 23. Qxc5 Na4 24. Qc2 Qxd3 25. Qxa4 Qxd2 26. Rfd1 Qa2 27. Rxd8+ Rxd8 28. Nc3 Qc4 29. Qxc4 Bxc4 30. Bxe4 Rd7 31. Na4 Ba2 32. Rb2 Rd1+ 33. Kg2 Bd5 34. Kf3 Nd4+ 35. exd4 Rd3+ 36. Ke2 Bxe4 37. Nc5 Rxd4 38. Nxb7 Bxb7 39. Rxb7 Ra4 40. Re7 Rxa3 41. Rxe5 Kf7 42. Rb5 Kf6 43. Rb6+ Kf5 44. Rb7 Kf6 45. h4 Ra2+ 46. Kf3 Ra3+ 47. Kg4 Ra4+ 48. f4 Rb4 49. Ra7 a4 50. Ra6+ Kf7 51. Kg5 h6+ 52. Kg4 Rc4 53. Ra5 Kf6 54. Kh5 Rb4 55. f5 Rc4 56. g4 Kf7 57. Ra7+ Kf8 58. Ra6 Rf4 59. Ra5 Rb4 60. Ra7 Rf4 61. Ra8+ Kf7 62. Ra7+ Kf8 63. g5 hxg5 64. hxg5 Rxf5 65. Kg6 Rb5 66. Ra8+ Ke7 67. Rxa4 Kf8 68. Ra8+ Ke7 69. Ra7+ Kf8 70. Ra8+ Ke7 71. Rg8 Ra5 72. Rxg7+ Kf8 73. Rb7 Ra6+ 74. Kh7 Ra1 75. Rb8+ Kf7 76. g6+ Kf6 77. Rb6+ Ke7 78. g7 Rh1+ 79. Rh6 1-0

[Event "WYCC 2018 G16"]
[Site "Halkidiki"]
[Date "2018.10.27"]
[Round "8"]
[White "Solozhenkina, Elizaveta"]
[Black "Beydullayeva, Govhar"]
[Result "1/2-1/2"]
[ECO "D37"]
[WhiteElo "2276"]
[BlackElo "2202"]
[Annotator "NA"]
[PlyCount "137"]
[EventDate "2018.10.20"]
[EventType "swiss"]
[EventCountry "GRE"]
[SourceTitle "playchess.com"]
[Source "ChessBase"]
[SourceQuality "1"]
[TimeControl "40/5400+30:1800+30"]

1. d4 Nf6 2. c4 e6 3. Nf3 d5 4. Nc3 a6 5. Bg5 Be7 6. e3 Nbd7 7. a4 h6 8. Bh4 O-O 9. Qc2 b6 10. Bd3 Bb7 11. O-O c5 12. Rad1 cxd4 13. Nxd4 Rc8 14. Qe2 Nc5 15. Bb1 Qe8 16. Bxf6 Bxf6 17. cxd5 exd5 18. Qg4 g6 19. Bf5 Rd8 20. Bc2 Bg7 21. h4 h5 22. Qg5 Ne4 23. Nxe4 dxe4 24. Bb3 Kh7 25. Rd2 Be5 26. Nf5 Bg7 27. Nd6 Qc6 28. Rfd1 f6 29. Qf4 Ba8 30. Bd5 Qxa4 31. Rd4 Qd7 32. Nf7 Rc8 33. Nd6 Rb8 34. Bxe4 Qc7 35. Rc4 Qe7 36. Bxa8 Rxa8 37. Rdc1 Rad8 38. Nc8 Qe6 39. Rc6 Qb3 40. Nxb6 Qxb2 41. Na4 Qb5 42. Rb6 Qe2 43. Rc7 Rc8 44. Rbb7 Rxc7 45. Rxc7 Qd1+ 46. Kh2 Qd5 47. Nc3 Qe6 48. Ne4 Kh8 49. Nc5 Qe8 50. Rb7 Qc8 51. Qd6 Re8 52. Rc7 Qf5 53. Nxa6 Qxf2 54. Qf4 Qxe3 55. Qxe3 Rxe3 56. Rc8+ Kh7 57. Rc7 f5 58. Nc5 Rc3 59. g3 Rc2+ 60. Kh3 Re2 61. Rd7 Kg8 62. Nd3 Bh6 63. Rd8+ Kf7 64. Rd7+ Kg8 65. Rd8+ Kf7 66. Rd7+ Kf6 67. Rd6+ Re6 68. Rxe6+ Kxe6 69. Kg2 {[%emt 0:00:04] Ke5} 1/2-1/2

[Event "WYCC 2018 G16"]
[Site "Halkidiki"]
[Date "2018.10.27"]
[Round "8"]
[White "Yurasova, Daria"]
[Black "Bulatova, Kamaliya"]
[Result "1/2-1/2"]
[ECO "E18"]
[WhiteElo "2193"]
[BlackElo "2108"]
[Annotator "NA"]
[PlyCount "85"]
[EventDate "2018.10.20"]
[EventType "swiss"]
[EventCountry "GRE"]
[SourceTitle "playchess.com"]
[Source "ChessBase"]
[SourceQuality "1"]
[TimeControl "40/5400+30:1800+30"]

1. d4 Nf6 2. c4 e6 3. Nf3 b6 4. g3 Bb7 5. Bg2 Be7 6. O-O O-O 7. Nc3 Ne4 8. Qc2 Nxc3 9. bxc3 c5 10. d5 exd5 11. Nd2 Bf6 12. cxd5 Na6 13. Rb1 Re8 14. Nc4 d6 15. Bf4 Be7 16. e4 Nc7 17. Na5 Bxd5 18. exd5 bxa5 19. Qa4 Bg5 20. Bxg5 Qxg5 21. Qc6 Rac8 22. Rb7 Qd8 23. Rxa7 Re5 24. Qb7 Re7 25. Bh3 Rb8 26. Qc6 Nxd5 27. Rxe7 Nxe7 28. Qa4 Nd5 29. Qc4 Nf6 30. Rd1 Qe7 31. Qa6 d5 32. Qxa5 Qe2 33. Rf1 Ne4 34. Bg2 Nd2 35. Rc1 Qc4 36. Qc7 Rf8 37. Rc2 Qd3 38. Rc1 c4 39. Qd7 Ne4 40. Bxe4 dxe4 41. Qd4 Rd8 42. Qe5 Qe2 43. Rb1 1/2-1/2

[Event "WYCC 2018 G16"]
[Site "Halkidiki"]
[Date "2018.10.27"]
[Round "8"]
[White "Berdnyk, Mariia"]
[Black "Salonika, Saina"]
[Result "1-0"]
[ECO "A45"]
[WhiteElo "2179"]
[BlackElo "2093"]
[Annotator "NA"]
[PlyCount "95"]
[EventDate "2018.10.20"]
[EventType "swiss"]
[EventCountry "GRE"]
[SourceTitle "playchess.com"]
[Source "ChessBase"]
[SourceQuality "1"]
[TimeControl "40/5400+30:1800+30"]

1. d4 Nf6 2. Nc3 d5 3. Bf4 Bf5 4. e3 e6 5. Bd3 Bg6 6. Nf3 Bd6 7. Ne5 c6 8. Qf3 Qe7 9. Bg5 Nbd7 10. Nxd7 Kxd7 11. Bxg6 fxg6 12. O-O-O h6 13. Bf4 Bb4 14. Rd3 Rhf8 15. Qe2 g5 16. Be5 Bxc3 17. Rxc3 Ne4 18. Rb3 b5 19. f3 Nd6 20. Bxd6 Qxd6 21. Kb1 e5 22. dxe5 Qxe5 23. Rd1 Kc7 24. Qd2 a5 25. Rd3 Kb6 26. Rd4 Qxh2 27. e4 dxe4 28. Rd7 exf3 29. Qe3+ Ka6 30. Qc5 Rf6 31. a4 Qb8 32. gxf3 bxa4 33. Rxg7 Qb5 34. Qc3 Re6 35. Rdd7 Qb4 36. Qd3+ Qb5 37. Qd4 Re1+ 38. Ka2 Qb6 39. Qc4+ Qb5 40. Qd4 Qb6 41. Qc4+ Qb5 42. Qf7 Qb6 43. Rc7 Qc5 44. Rc8 Re7 45. Rxa8+ Kb6 46. Qxe7 Qd5+ 47. Ka3 Qxf3+ 48. c3 1-0

[Event "WYCC 2018 G16"]
[Site "Halkidiki"]
[Date "2018.10.27"]
[Round "8"]
[White "Goltseva, Ekaterina"]
[Black "Meenal Gupta"]
[Result "1/2-1/2"]
[ECO "E59"]
[WhiteElo "2169"]
[BlackElo "2065"]
[Annotator "NA"]
[PlyCount "132"]
[EventDate "2018.10.20"]
[EventType "swiss"]
[EventCountry "GRE"]
[SourceTitle "playchess.com"]
[Source "ChessBase"]
[SourceQuality "1"]
[TimeControl "40/5400+30:1800+30"]

1. d4 Nf6 2. c4 e6 3. Nc3 Bb4 4. e3 O-O 5. Bd3 d5 6. Nf3 c5 7. O-O Nc6 8. a3 Bxc3 9. bxc3 dxc4 10. Bxc4 Qc7 11. Qe2 e5 12. d5 e4 13. Nd2 Ne7 14. Bb2 Rd8 15. Rfd1 Bf5 16. Nf1 Nexd5 17. Bxd5 Nxd5 18. Ng3 Bg6 19. h4 h6 20. h5 Bh7 21. c4 Nb6 22. Qg4 f5 23. Nxf5 Bxf5 24. Qxf5 Nxc4 25. Bc3 Qe7 26. Rd5 Qf7 27. Rxd8+ Rxd8 28. Qxc5 b6 29. Qb5 Qd5 30. Qa4 a5 31. Bd4 b5 32. Qc2 Rd7 33. Qe2 Ne5 34. Rc1 Nc6 35. Rd1 b4 36. axb4 axb4 37. Qg4 Ne5 38. Qg3 Nd3 39. Qg6 Rf7 40. Ra1 Nxf2 41. Rc1 Qd7 42. Rf1 Nd3 43. Rxf7 Qxf7 44. Qxe4 Nc1 45. Qc2 Nb3 46. Qc8+ Kh7 47. Qc2+ Kg8 48. Qc8+ Kh7 49. Qc2+ Kg8 50. Bb2 Qe6 51. Kf2 Na5 52. Qc5 Nc4 53. Bd4 b3 54. Qb5 Nd6 55. Qd3 Ne4+ 56. Kg1 Ng3 57. Kf2 Nxh5 58. Qb5 Nf6 59. Qb8+ Kh7 60. Qb7 Qf5+ 61. Kg1 Qd5 62. Qc7 Kg6 63. Qg3+ Qg5 64. Qb8 Qd5 65. Qg3+ Kh7 66. Qc7 Kg6 1/2-1/2

[Event "WYCC 2018 G16"]
[Site "Halkidiki"]
[Date "2018.10.27"]
[Round "8"]
[White "Bach, Ngoc Thuy Duong"]
[Black "Staravoitava, Hanna"]
[Result "1-0"]
[ECO "E35"]
[WhiteElo "2161"]
[BlackElo "1768"]
[Annotator "NA"]
[PlyCount "91"]
[EventDate "2018.10.20"]
[EventType "swiss"]
[EventCountry "GRE"]
[SourceTitle "playchess.com"]
[Source "ChessBase"]
[SourceQuality "1"]
[TimeControl "40/5400+30:1800+30"]

1. d4 Nf6 2. c4 e6 3. Nc3 Bb4 4. Qc2 d5 5. cxd5 exd5 6. Bg5 h6 7. Bh4 c5 8. dxc5 O-O 9. e3 Be6 10. Nf3 Nbd7 11. a3 Bxc5 12. Be2 Rc8 $14 {[%emt 0:01:37] LiveBook: 19 Games} 13. O-O Be7 14. Qd1 Nc5 15. Nd4 Nfe4 16. Bxe7 Qxe7 17. Rc1 Nxc3 18. Rxc3 Ne4 19. Rxc8 Rxc8 20. Bg4 Bxg4 21. Qxg4 Rc4 22. Rd1 Qc7 23. g3 Rc1 24. Kg2 Rxd1 25. Qxd1 Qa5 26. Nf5 Qd2 27. Qxd2 Nxd2 28. Nd6 Kf8 29. Nxb7 Nc4 30. b3 Nxa3 31. Kf3 Ke7 32. Kf4 Kf6 33. e4 dxe4 34. Kxe4 Ke7 35. Kd5 Kd7 36. Nd6 Ke7 37. Nc8+ Kf6 38. Nxa7 Kf5 39. Nc6 Kg4 40. Ne5+ Kh3 41. Nc4 Nc2 42. Ne3 Na3 43. b4 Kxh2 44. Kc5 Kg1 45. Nc4 Nb1 46. Kd4 1-0